 Dungeon Crawl Stone Soup version 0.26-a0-610-g3e9335bbc7 (webtiles) character file.

Game seed: 8261509218331794303

41 Murumi the Skirmisher (level 3, -1/39 HPs)
             Began as an Ogre Fighter on Sept 4, 2020.
             Killed by nerve-wracking pain
             ... invoked by Jessica
              (9 damage)
             ... on level 2 of the Dungeon.
             The game lasted 00:04:38 (1345 turns).

Murumi the Skirmisher (Ogre Fighter)                Turns: 1345, Time: 00:04:39

Health: -1/39      AC:  3    Str: 20    XL:     3   Next: 52%
Magic:  3/3        EV:  8    Int: 10    God:
Gold:   75         SH:  9    Dex:  8    Spells: 2/2 levels left

rFire    . . .     SeeInvis .   a - +2 flail
rCold    . . .     Faith    .   c - +1 kite shield
rNeg     . . .     Spirit   .   b - +0 robe
rPois    .         Reflect  .   (helmet restricted)
rElec    .         Harm     .   (no cloak)
rCorr    .                      (gloves unavailable)
MR       .....                  (boots unavailable)
Stlth    +.........             (no amulet)
HPRegen  0.13/turn              (no ring)
MPRegen  0.08/turn              (no ring)

@: lethally poisoned (-1 -> -6)
A: large, unfitting armour, tough skin 1
a: no special abilities


You were on level 2 of the Dungeon.
You visited 1 branch of the dungeon, and saw 2 of its levels.

You collected 75 gold pieces.

Inventory:

Hand Weapons
 a - a +2 flail (weapon)
Missiles
 f - 61 stones (quivered)
Armour
 b - a +0 robe (worn)
 c - a +1 kite shield (worn)
Scrolls
 e - a scroll of enchant armour
Potions
 d - a potion of might
 g - a potion of heal wounds
 h - a potion of degeneration {unknown}
 i - a potion of stabbing


   Skills:
 - Level 4.0 Fighting
 - Level 2.0 Maces & Flails
 - Level 2.0 Throwing
 + Level 0.4 Armour
 - Level 3.0 Dodging
 - Level 3.0 Shields


You had 2 spell levels left.
You didn't know any spells.
Your spell library was empty.

Dungeon Overview and Level Annotations

Branches:
Dungeon (2/15)

Altars:

Annotations:
D:2 Jessica


Innate Abilities, Weirdness & Mutations

You are too large for most types of armour.
You have tough skin. (AC +1)


Message History

You need to enable at least one skill for training.
You feel sick.
Throwing (i - inventory)
f - 63 stones (quivered)
Press: ? - help, Shift-Dir - straight line, f - you
Okay, then.
Throwing (i - inventory)
f - 63 stones (quivered)
Press: ? - help, Shift-Dir - straight line, f/p - Jessica
Aim: Jessica, wearing a +0 robe (severely wounded, fast)
You throw a stone. The stone hits Jessica.
Jessica is almost dead.
You feel sick.
Throwing (i - inventory)
f - 62 stones (quivered)
Press: ? - help, Shift-Dir - straight line, f/p - Jessica
Aim: Jessica, wearing a +0 robe (almost dead, fast)
You throw a stone. The stone hits Jessica.
Jessica is almost dead.
You feel sick.
Jessica points at you and mumbles some strange words.
Pain shoots through your body!
You die...

#... #.(( #.[(.
.#..#(#+#######
...............
......#....#
...........# .#
#####.##†..#####...#
##.##...(.@.....#
#........#####.##
#......@.#
#.....(..#
#........#
####........#
#...........#
#...........#
.....#<#.###


You could see Jessica (fast).

Vanquished Creatures
  2 adders
  6 goblins
  3 hobgoblins (D:1)
  3 kobolds (D:1)
  4 bats (D:1)
  2 frilled lizards (D:1)
  5 rats
25 creatures vanquished.

Notes
Turn   | Place    | Note
-------+----------+-------------------------------------------
     0 | D:1      | Murumi the Ogre Fighter began the quest for the Orb.
     0 | D:1      | Reached XP level 1. HP: 24/24 MP: 1/1
   138 | D:1      | Reached skill level 1 in Throwing
   144 | D:1      | Reached XP level 2. HP: 32/32 MP: 2/2
  1183 | D:1      | Reached XP level 3. HP: 32/39 MP: 3/3
  1323 | D:2      | Noticed Jessica
  1345 | D:2      | Killed from afar by Jessica

Illustrated notes

Levels and vault maps discovered:
D:1:      dpeg_arrival_round_c, layout_basic
D:2:      layout_basic, st_stairs_6, uniq_jessica

Skill      XL: |  1  2  3 |
---------------+----------+-----
Maces & Flails | 2 |  2.0
Throwing       | 1 2 |  2.0
Dodging        | 3 |  3.0
Shields        | 3 |  3.0
Fighting       | |  4.0
Armour         | |  0.4

Action                   || total
-------------------------++-------
Melee: Flail             ||    54
Throw: Stone             ||    49
  Use: Scroll            ||     8
Armor: Robe              ||    20
Dodge: Dodged            ||    22
Block: Kite shield       ||    28

Table legend: (Time is in decaauts)
 A = Elapsed time spent in this place.
 B = Non-inter-level travel time spent in this place.
 C = Inter-level travel time spent in this place.
 D = Time resting spent in this place.
 E = Time spent auto-exploring this place.
 F = Levels seen in this place.
 G = Mean time per level.
                   A        B        C        D        E       F      G
               +--------+--------+--------+--------+--------+-----+--------+
         Total |   1372 |   1295 |     77 |     92 |    978 |   2 |  686.0 |
       Dungeon |   1372 |   1295 |     77 |     92 |    978 |   2 |  686.0 |
               +--------+--------+--------+--------+--------+-----+--------+

Top non-repeatable levels by time:
     D:1: 1287 daAuts
     D:2: 85 daAuts
